 Dungeon Crawl Stone Soup version 0.27-a0-1219-g958d993ae5 (webtiles) character file.

Game seed: 14436510165262045566

50 bobarctor the Grave Robber (level 3, 0/19 HPs)
             Began as a Deep Elf Necromancer on June 7, 2021.
             Slain by a white imp (5 damage)
             ... on level 3 of the Dungeon.
             The game lasted 00:05:17 (2698 turns).

bobarctor the Grave Robber (Deep Elf Necromancer)   Turns: 2698, Time: 00:05:17

Health: 0/19       AC:  3    Str:  5    XL:     3   Next: 55%
Magic:  11/11      EV: 12    Int: 20    God:
Gold:   69         SH:  0    Dex: 15    Spells: 5/11 levels left

rFire    . . .     SeeInvis .   n - +2 mace
rCold    . . .     Faith    .   (no shield)
rNeg     . . .     Spirit   .   a - +0 robe
rPois    .         Reflect  .   d - +0 helmet
rElec    .         Harm     .   (no cloak)
rCorr    .         Rampage  .   (no gloves)
Will     .....                  (no boots)
Stlth    ++........             (no amulet)
HPRegen  0.06/turn              (no ring)
MPRegen  0.12/turn              (no ring)

@: no status effects
A: no striking features
a: no special abilities


You were on level 3 of the Dungeon.
You visited 1 branch of the dungeon, and saw 3 of its levels.

You collected 69 gold pieces.

Inventory:

Hand Weapons
 b - a +0 whip
 f - a +0 club
 g - a +0 hand axe
 n - a +2 mace (weapon)
Missiles
 c - 4 stones (quivered)
 m - 19 bolts
Armour
 a - a +0 robe (worn)
 d - a +0 helmet (worn)
Scrolls
 e - a scroll of teleportation {unknown}
 h - 2 scrolls of identify {unknown}
 j - a scroll of enchant armour {unknown}
 k - a scroll of torment {unknown}
Potions
 i - a potion of lignification {unknown}
 l - a potion of attraction {unknown}


   Skills:
 + Level 2.5 Dodging
 + Level 2.7 Stealth
 * Level 4.7 Spellcasting
 + Level 5.3 Necromancy


You had 5 spell levels left.
You knew the following spells:

 Your Spells              Type           Power      Damage    Failure   Level
a - Pain                  Necr           100%       1d9       1%          1
b - Animate Skeleton      Necr           52%        N/A       1%          1
c - Vampiric Draining     Necr           13%        2d7       4%          3
d - Corona                Hex            4%         N/A       12%         1

Your spell library contained the following spells:

 Spells                   Type           Power      Damage    Failure   Level
 Animate Dead             Necr           13%        N/A       13%         4
 Slow                     Hex            4%         N/A       19%         2
 Inner Flame              Hex/Fire       4%         N/A       34%         3
 Portal Projectile        Hex/Tloc       8%         N/A       34%         3
 Agony                    Necr           26%        N/A       36%         5
 Cause Fear               Hex            2%         N/A       75%         4
 Leda's Liquefaction      Hex/Erth       2%         N/A       75%         4


Dungeon Overview and Level Annotations

Branches:
Dungeon (3/15)

Altars:
Sif Muna
Trog

Shops:
D:2 =


Message History

Aiming: Pain (safe; 1% risk of failure)
Press: ? - help, Shift-Dir - straight line, f/p - gnoll
Aim: a gnoll, wielding a +2 mace and wearing a +0 animal skin (severely wounded, chance to affect: 89%)
The gnoll writhes in agony.
Casting: Pain (safe; 1% risk of failure)
Confirm with . or Enter, or press ? or * to list all spells.
Aiming: Pain (safe; 1% risk of failure)
Press: ? - help, Shift-Dir - straight line, f/p - gnoll
Aim: a gnoll, wielding a +2 mace and wearing a +0 animal skin (almost dead, chance to affect: 89%)
The gnoll writhes in agony.
You kill the gnoll!
You start resting.
Magic restored.
You start resting.
HP restored.
Things that are here:
a +2 mace; a +0 animal skin; a gnoll corpse
n - a +2 mace
n - a +2 mace (weapon)
Found a bloodstained altar of Trog.
A white imp comes into view.
There is an empty arch of ancient stone here.
Found an engraved book.
Found a shimmering blue altar of Sif Muna.
You closely miss the white imp.
The white imp shouts!
The white imp hits you. The white imp freezes you.
You hit the white imp.
The white imp is moderately wounded.
The white imp gestures at you. The puff of frost misses you.
The white imp barely misses you.
You hit the white imp.
The white imp is severely wounded.
The white imp hits you. The white imp freezes you.
You barely miss the white imp.
The white imp is severely wounded.
The white imp hits you. The white imp freezes you. The white imp hits you.
* * * LOW HITPOINT WARNING * * *
The white imp freezes you.
You die...

##.... ...... .....
#...# ##...# ##...#####
##...##._.# +##
##5..###...# ..##
#.@.#∩#...## ...##
#####.:.###...## ....##
###.#.#._.##...##
.....###.....#####...##
.....'.........##...##
.....###.....###...##
....## #.#.#.# #...#
...## #.###.# #.###
..## #.# #.# #[#


You could see a white imp.

Vanquished Creatures
  A gnoll (D:3)
  An adder (D:3)
  3 dart slugs
  3 ball pythons (D:1)
  3 endoplasms
  A giant cockroach (D:1)
  3 goblins
  A hobgoblin (D:2)
  A quokka (D:1)
  4 bats
  A kobold (D:1)
  4 rats
26 creatures vanquished.

Notes
Turn   | Place    | Note
-------+----------+-------------------------------------------
     0 | D:1      | bobarctor the Deep Elf Necromancer began the quest for the
                  | Orb.
     0 | D:1      | Reached XP level 1. HP: 10/10 MP: 6/6
   348 | D:1      | Reached skill level 5 in Necromancy
   495 | D:1      | Reached XP level 2. HP: 8/15 MP: 1/8
   648 | D:1      | Found a faded altar of an unknown god.
  1448 | D:2      | Found Hett's Jewellery Shop.
  2320 | D:3      | Reached XP level 3. HP: 18/19 MP: 8/10
  2322 | D:3      | Learned a level 1 spell: Animate Skeleton
  2326 | D:3      | Learned a level 3 spell: Vampiric Draining
  2392 | D:3      | Learned a level 1 spell: Corona
  2677 | D:3      | Found a bloodstained altar of Trog.
  2692 | D:3      | Found a shimmering blue altar of Sif Muna.
  2698 | D:3      | Slain by a white imp

Illustrated notes

Levels and vault maps discovered:
D:1:      heliophobic_arrival_glass_houses, layout_basic,
          shapermc_ecumenical_altar_venn
D:2:      layout_basic, serial_shops, shop, serial_forest,
          infiniplex_forest_corner_1, infiniplex_forest_clump_long,
          infiniplex_forest_lined_corner, infiniplex_forest_lined_2,
          infiniplex_forest_clump_long, chequers_jeans
D:3:      due_chaos_kobolds, layout_loops_corners,
          nzn_overflow_gifts_of_might_and_magic, minmay_misc_feat_square,
          eino_tiny_chamber

Skill      XL: |  1  2 |
---------------+-------+-----
Necromancy     | 5 |  5.3
Spellcasting   | 4 |  4.7
Dodging        | |  2.5
Stealth        | |  2.7

Action                   || total
-------------------------++-------
Melee: Mace              ||     4
 Cast: Pain              ||    51
Dodge: Dodged            ||     6

Table legend: (Time is in decaauts)
 A = Elapsed time spent in this place.
 B = Non-inter-level travel time spent in this place.
 C = Inter-level travel time spent in this place.
 D = Time resting spent in this place.
 E = Time spent auto-exploring this place.
 F = Levels seen in this place.
 G = Mean time per level.
                   A        B        C        D        E       F      G
               +--------+--------+--------+--------+--------+-----+--------+
         Total |   2697 |   2630 |     67 |    818 |   1612 |   3 |  899.0 |
       Dungeon |   2697 |   2630 |     67 |    818 |   1612 |   3 |  899.0 |
               +--------+--------+--------+--------+--------+-----+--------+

Top non-repeatable levels by time:
     D:1: 1365 daAuts
     D:2: 935 daAuts
     D:3: 396 daAuts
